 Dungeon Crawl Stone Soup version 0.28.0-43-g3370ac3207 (webtiles) character file.

Game seed: 4946505861944408522

88 Ablot the Grasshopper (level 4, -2/38 HPs)
             Began as a Gnoll Warper on Mar 22, 2022.
             Was a Plaything of Xom.
             Slain by an orc wizard
             ... wielding a +0 dagger
              (3 damage)
             ... on level 3 of the Dungeon.
             The game lasted 00:03:43 (2929 turns).

Ablot the Grasshopper (Gnoll Warper)                Turns: 2929, Time: 00:03:44

Health: -2/38      AC:  3    Str: 12    XL:     4   Next: 53%
Magic:  11/11      EV: 13    Int: 12    God:    Xom [....*.]
Gold:   119        SH:  0    Dex: 12    Spells: 11/13 levels left

rFire   . . .      SeeInvis .   a - +0 spear
rCold   . . .      Faith    .   (no shield)
rNeg    . . .      Spirit   .   b - +0 leather armour
rPois   .          Reflect  .   (no helmet)
rElec   .          Harm     .   (no cloak)
rCorr   .          Rampage  .   (no gloves)
Will    .....                   (no boots)
Stlth   +.........              o - amulet of the acrobat
HPRegen 0.12/turn               (no ring)
MPRegen 0.12/turn               (no ring)

@: brilliant
A: fangs 1, strong nose, distributed training
a: Renounce Religion


You were on level 3 of the Dungeon.
You worshipped Xom.
You were a beloved toy of Xom.
You visited 1 branch of the dungeon, and saw 3 of its levels.

You collected 119 gold pieces.

Inventory:

Hand Weapons
 a - a +0 spear (weapon)
Missiles
 d - 5 boomerangs of dispersal
 f - 20 arrows
 l - 24 stones
 p - 15 bolts
 s - 2 poisoned darts (quivered)
Armour
 b - a +0 leather armour (worn)
Jewellery
 o - an amulet of the acrobat (around neck)
 r - an amulet of magic regeneration
Scrolls
 c - a scroll of blinking
 g - a scroll of enchant armour {unknown}
 i - a scroll of enchant weapon {unknown}
 j - 3 scrolls of identify {unknown}
 k - 4 scrolls of holy word {unknown}
 n - 2 scrolls of teleportation {unknown}
 q - a scroll of torment {unknown}
Potions
 e - a potion of brilliance
 m - a potion of magic


   Skills:
 + Level 4.6 Fighting
 + Level 1.2 Short Blades
 + Level 1.2 Long Blades
 + Level 1.2 Axes
 + Level 1.2 Maces & Flails
 + Level 4.6 Polearms
 + Level 1.2 Staves
 + Level 1.2 Slings
 + Level 1.2 Bows
 + Level 1.2 Crossbows
 + Level 2.8 Throwing
 + Level 2.8 Armour
 + Level 4.6 Dodging
 + Level 1.2 Stealth
 + Level 1.2 Shields
 + Level 1.2 Unarmed Combat
 + Level 5.1 Spellcasting
 + Level 1.0 Conjurations
 + Level 1.0 Hexes
 + Level 1.0 Summonings
 + Level 1.0 Necromancy
 + Level 5.5 Translocations
 + Level 1.0 Transmutations
 + Level 1.0 Fire Magic
 + Level 1.0 Ice Magic
 + Level 1.0 Air Magic
 + Level 1.0 Earth Magic
 + Level 1.0 Poison Magic
 + Level 1.3 Invocations
 + Level 1.2 Evocations


You had 11 spell levels left.
You knew the following spells:

 Your Spells              Type           Power      Damage    Failure   Level
a - Blink                 Tloc           48%        N/A       4%          2

Your spell library contained the following spells:

 Spells                   Type           Power      Damage    Failure   Level
 Gell's Gravitas          Tloc           24%        N/A       8%          3
 Lesser Beckoning         Tloc           24%        N/A       8%          3
 Teleport Other           Tloc           24%        N/A       8%          3
 Stone Arrow              Conj/Erth      16%        3d8       45%         3
 Manifold Assault         Tloc           24%        N/A       58%         5
 Animate Armour           Summ/Erth      16%        N/A       86%         4
 Lehudib's Crystal Spear  Conj/Erth      4%         10d3      100%        8


Dungeon Overview and Level Annotations

Branches:
Dungeon (3/15)

Altars:
Xom


Innate Abilities, Weirdness & Mutations

You have very sharp teeth.
Your uncanny sense of smell can sniff out nearby items.
Your experience applies equally to all skills.


Message History

You hit something. Your bite misses something. You barely miss something.
Something hits you but does no damage.
It was a potion of brilliance.
You feel clever all of a sudden.
Xom thinks this is hilarious!
Something hits you but does no damage.
Unknown command.
Okay, then.
Okay, then.
You hit something.
Reactivating autopickup.
You feel a bit more experienced.
Your Conjurations skill increases to level 1!
Your Hexes skill increases to level 1!
Your Summonings skill increases to level 1!
Your Necromancy skill increases to level 1!
Your Transmutations skill increases to level 1!
Your Fire Magic skill increases to level 1!
Your Ice Magic skill increases to level 1!
Your Air Magic skill increases to level 1!
Your Earth Magic skill increases to level 1!
Your Poison Magic skill increases to level 1!
Deactivating autopickup; reactivate with Ctrl-A.
You hit something.
You hear some strange, mumbled words.
Something tries to affect you, but you resist.
You barely miss something. Something hits you.
* * * LOW HITPOINT WARNING * * *
You hit something but do no damage.
You hear some strange, mumbled words.
A magic dart appears from out of thin air!
The magic dart hits you.
* * * LOW HITPOINT WARNING * * *
It was a potion of magic.
Magic courses through your body. Something hits you but does no damage.
Unknown command.
You hit something. You hit something. Something hits you but does no damage.
You barely miss something. You bite something. Something hits you.
You die...

........#...o..#
........#......########
........#....)........#
........#.....#######.#
##....#.###...#### #.#
................># #.#
.....##.##....##o####.#
#.............##{#....#
#....#..##.##.##@#.####
.....#..##.....#.#.#
#....#<.######.#.#.#####
##...#..# #.#.......#
##...##.# #.#.#.###.#
#....##.# #.#.#.# #.#
#....##.# #.#.#.###.#
#....##.# #.###.....#
###..##.# #.# #######


You could see an orc.

Vanquished Creatures
  An orc wizard (D:3)
  2 adders
  A worm (D:2)
  A dart slug (D:3)
  5 orcs
  2 ball pythons
  5 endoplasms (D:1)
  2 giant cockroaches
  2 hobgoblins (D:2)
  2 jackals (D:3)
  3 quokkas
  6 bats
  4 frilled lizards
  3 goblins
  6 kobolds
  5 rats
50 creatures vanquished.

Vanquished Creatures (others)
  An orc (D:3)
  A frilled lizard (D:3)
2 creatures vanquished.

Grand Total: 52 creatures vanquished

Notes
Turn   | Place    | Note
-------+----------+-------------------------------------------
     0 | D:1      | Ablot the Gnoll Warper began the quest for the Orb.
     0 | D:1      | Reached XP level 1. HP: 20/20 MP: 6/6
   177 | D:1      | You fall into a shaft and drop 1 floor!
   190 | D:2      | Reached XP level 2. HP: 14/26 MP: 7/7
   193 | D:2      | Learned a level 2 spell: Blink
   746 | D:1      | Found a faded altar of an unknown god.
   965 | D:1      | Reached XP level 3. HP: 31/31 MP: 9/9
  1090 | D:1      | Reached skill level 5 in Spellcasting
  1402 | D:2      | Found a shimmering altar of Xom.
  1516 | D:2      | Reached skill level 1 in Invocations
  1888 | D:2      | Became a worshipper of Xom of Chaos
  1996 | D:2      | XOM: noise
  2122 | D:2      | XOM: silly message
  2228 | D:3      | Reached skill level 1 in Short Blades
  2228 | D:3      | Reached skill level 1 in Long Blades
  2228 | D:3      | Reached skill level 1 in Axes
  2228 | D:3      | Reached skill level 1 in Maces & Flails
  2228 | D:3      | Reached skill level 1 in Staves
  2228 | D:3      | Reached skill level 1 in Slings
  2228 | D:3      | Reached skill level 1 in Bows
  2228 | D:3      | Reached skill level 1 in Crossbows
  2228 | D:3      | Reached skill level 1 in Stealth
  2228 | D:3      | Reached skill level 1 in Shields
  2228 | D:3      | Reached skill level 1 in Unarmed Combat
  2228 | D:3      | Reached skill level 1 in Evocations
  2416 | D:3      | Noticed a black bear
  2420 | D:3      | XOM: silly message
  2423 | D:3      | Reached XP level 4. HP: 21/38 MP: 11/11
  2432 | D:3      | XOM: silly message
  2433 | D:3      | XOM: divination: detect creatures
  2449 | D:3      | XOM: 4-stop teleportation journey
  2923 | D:3      | Reached skill level 1 in Conjurations
  2923 | D:3      | Reached skill level 1 in Hexes
  2923 | D:3      | Reached skill level 1 in Summonings
  2923 | D:3      | Reached skill level 1 in Necromancy
  2923 | D:3      | Reached skill level 1 in Transmutations
  2923 | D:3      | Reached skill level 1 in Fire Magic
  2923 | D:3      | Reached skill level 1 in Ice Magic
  2923 | D:3      | Reached skill level 1 in Air Magic
  2923 | D:3      | Reached skill level 1 in Earth Magic
  2923 | D:3      | Reached skill level 1 in Poison Magic
  2925 | D:3      | HP: 1/38 [something/magic dart (3)]
  2929 | D:3      | Slain by an orc wizard

Illustrated notes

Levels and vault maps discovered:
D:1:      dpeg_arrival_ternary, layout_loops_ring,
          ebering_ecumenical_altar_sacrificial, minmay_strange_pillars
D:2:      layout_loops_ring, basic_altar
D:3:      layout_basic, lemuel_old_faithful

Skill      XL: |  1  2  3  4 |
---------------+-------------+-----
Spellcasting   | 5 |  5.1
Invocations    | 1 |  1.3
Short Blades   | 1 |  1.2
Long Blades    | 1 |  1.2
Axes           | 1 |  1.2
Maces & Flails | 1 |  1.2
Staves         | 1 |  1.2
Slings         | 1 |  1.2
Bows           | 1 |  1.2
Crossbows      | 1 |  1.2
Stealth        | 1 |  1.2
Shields        | 1 |  1.2
Unarmed Combat | 1 |  1.2
Evocations     | 1 |  1.2
Conjurations   | 1 |  1.0
Hexes          | 1 |  1.0
Summonings     | 1 |  1.0
Necromancy     | 1 |  1.0
Transmutations | 1 |  1.0
Fire Magic     | 1 |  1.0
Ice Magic      | 1 |  1.0
Air Magic      | 1 |  1.0
Earth Magic    | 1 |  1.0
Poison Magic   | 1 |  1.0
Fighting       | |  4.6
Polearms       | |  4.6
Throwing       | |  2.8
Armour         | |  2.8
Dodging        | |  4.6
Translocations | |  5.5

Action                   |  1- 3 |  4- 6 || total
-------------------------+-------+-------++-------
Melee: Spear             |   142 |    55 ||   197
       Bite              |     7 |     3 ||    10
       Punch             |     1 |       ||     1
Throw: Javelin           |     1 |     1 ||     2
       Dart              |       |    10 ||    10
 Cast: Blink             |       |     3 ||     3
  Use: Potion            |       |     2 ||     2
 Stab: Sleeping          |     1 |       ||     1
Armor: Leather armour    |    26 |    10 ||    36
Dodge: Dodged            |    54 |    22 ||    76
